 Dungeon Crawl Stone Soup version 0.20.1-1-g8b1a95d (webtiles) character file.

868 Folque the Conjurer (level 8, -1/50 HPs)
             Began as an Octopode Wizard on Nov 17, 2017.
             Was a Follower of Sif Muna.
             Killed from afar by an orc wizard (8 damage)
             ... with a magic dart
             ... on level 6 of the Dungeon.
             The game lasted 00:27:16 (6370 turns).

Folque the Conjurer (Octopode Wizard)               Turns: 6370, Time: 00:27:18

Health: -1/50      AC:  1    Str:  7    XL:     8   Next: 3%
Magic:  3/16       EV: 13    Int: 22    God:    Sif Muna [*.....]
Gold:   360        SH:  4    Dex: 10    Spells: 6/17 levels left

rFire    . . .     SeeInvis .   m - +3 short sword (venom)
rCold    . . .     Gourm    .   (no shield)
rNeg     . . .     Faith    .   a - +0 hat
rPois    .         Spirit   .   e - +4 amulet of reflection
rElec    .         Reflect  +   u - ring of stealth
rCorr    .         Harm     .   (no ring)
MR       .....                  (no ring)
Stlth    ++++......             (no ring)
Regen    0.2/turn               (no ring)
MPRegen  0.2/turn               (no ring)
                                (no ring)
                                (no ring)

@: no status effects
A: almost no armour, stealthy swim, amphibious, 8 rings, constrict 8, camouflage
1, gelatinous body 1
a: Divine Energy, Renounce Religion


You were on level 6 of the Dungeon.
You worshipped Sif Muna.
Sif Muna was aware of your devotion.
You were not hungry.

You visited 2 branches of the dungeon, and saw 7 of its levels.
You also visited: Ossuary.

You collected 480 gold pieces.
You spent 120 gold pieces at shops.

Inventory:

Hand Weapons
 d - a +0 short sword
 j - a +2 mace of protection
 m - a +3 short sword of venom (weapon)
 t - a +0 falchion
 z - a +3 rapier
Missiles
 h - 8 javelins (quivered)
Armour
 a - a +0 hat (worn)
Jewellery
 e - a +4 amulet of reflection (around mantle)
 u - a ring of stealth (left tentacle)
Scrolls
 i - 3 scrolls of remove curse
 o - a scroll of blinking
 v - 3 scrolls of enchant weapon
 y - a scroll of recharging {unknown}
 A - 2 scrolls of identify
 C - a scroll of amnesia {unknown}
 D - a scroll of teleportation {unknown}
Potions
 k - a potion of flight {unknown}
 l - 3 potions of curing
 n - a potion of mutation {unknown}
 q - a potion of brilliance {unknown}
 r - 2 potions of degeneration {unknown}
 s - 2 potions of heal wounds {unknown}
 w - 2 potions of resistance {unknown}
 x - a potion of haste
 B - a potion of lignification {unknown}
Books
 b - a book of Minor Magic

   Spells                             Type                      Level
   a - Magic Dart                     Conjuration                  1
   b - Blink                          Translocation                2
   c - Call Imp                       Summoning                    2
   d - Slow                           Hexes                        2
   e - Conjure Flame                  Conjuration/Fire             3
   f - Mephitic Cloud                 Conjuration/Poison/Air       3
 p - a book of Maledictions

   Spells                             Type                      Level
   a - Corona                         Hexes                        1
   b - Ensorcelled Hibernation        Hexes/Ice                    2
   c - Confuse                        Hexes                        3
   d - Tukima's Dance                 Hexes                        3
   e - Dazzling Spray                 Conjuration/Hexes            3
Comestibles
 c - 4 bread rations
 f - 3 royal jellies
 g - 5 fruits


   Skills:
 - Level 2.2 Fighting
 - Level 2.0 Dodging
 - Level 2.6 Stealth
 + Level 5.4 Spellcasting
 * Level 6.0 Conjurations
 - Level 1.0 Hexes
 - Level 1.0 Summonings
 - Level 1.0 Translocations
 - Level 3.0 Poison Magic


You had 6 spell levels left.
You knew the following spells:

 Your Spells              Type           Power        Failure   Level  Hunger
a - Magic Dart            Conj           ####         1%          1    None
b - Call Imp              Summ           ##......     10%         2    None
c - Blink                 Tloc           N/A          10%         2    None
d - Mephitic Cloud        Conj/Pois/Air  ###.....     9%          3    ##.....
e - Dazzling Spray        Conj/Hex       ###...       7%          3    ##.....


Dungeon Overview and Level Annotations

Branches:
Dungeon (6/15)             Temple (1/1) D:5

Altars:
Ashenzari
Cheibriados
Dithmenos
Elyvilon
Fedhas
Hepliaklqana
Kikubaaqudgha
Makhleb
Okawaru
Qazlal
Sif Muna
Trog
Uskayaw
Vehumet
Zin
The Shining One

Shops:
D:4 !

Annotations:
D:5 CalmDownMonkey's ghost, amateur MfGl


Innate Abilities, Weirdness & Mutations

You cannot wear most types of armour.
You are very stealthy in the water. (Stealth+)
You are amphibious.
You can wear up to eight rings at the same time.
You can use your tentacles to constrict eight enemies at once.
Your skin changes colour to match your surroundings (Stealth+).
Your rubbery body absorbs attacks. (AC +1, EV +1)


Message History

You block the orc wizard's attack.
You hit the orc wizard but do no damage.
The orc wizard is poisoned.
Your grab misses the orc wizard.
The orc wizard is lightly wounded.
The orc wizard hits you with a dagger.
* * * LOW HITPOINT WARNING * * *
You closely miss the orc wizard. You grab the orc wizard.
The orc wizard is lightly wounded.
You constrict the orc wizard.
The orc wizard points at you and mumbles some strange words.
The puff of frost hits you!
* * * LOW HITPOINT WARNING * * *
The orc wizard closely misses you.
You hit the orc wizard.
The orc wizard looks as sick as possible!
The orc wizard is heavily wounded.
You constrict the orc wizard.
The orc wizard gestures at you while chanting.
The magic dart hits you!
You die...

#.### #.## #...# #..# ##
#...# ##.### # ##.##...#
#.#.## ##
####...##.#######....####.
+.......................+.
###.......######....####.
#..###..# #.#.## ## #?
#@.# #.### # # #o.# #.#
..).# #.# #.##.# ##.# #.
#.# #..# ###### # #.# #.##
#..... ..# #.# #.#### ###
#.# #.# ##.## #.#


You could see an orc wizard (blind).

Vanquished Creatures
  An orc warrior (D:6)
  An ogre (D:4)
  A centaur (D:5)
  A scorpion (D:4)
  A crimson imp (D:5)
  2 orc priests (D:6)
  2 orc wizards (D:5)
  Terence (D:2)
  2 iguanas
  A worker ant (D:5)
  2 adders
  3 gnolls (D:2)
  2 oozes
  A worm (D:4)
  4 dart slugs
  4 leopard geckos
  6 orcs
  A ball python (D:2)
  3 giant cockroaches
  A gnoll zombie (Ossuary)
  10 goblins
  5 hobgoblins
  3 jackals (D:4)
  8 kobolds
  8 bats
  5 frilled lizards
  A hobgoblin zombie (Ossuary)
  2 kobold zombies (Ossuary)
  A leopard gecko zombie (D:5)
  7 rats
90 creatures vanquished.

Vanquished Creatures (collateral kills)
  A phantom (D:6)
  An ogre (D:4)
  The ghost of CalmDownMonkey the Poker, an amateur MfGl (D:4)
  A centaur skeleton (D:4)
  A mummy (D:4)
  An adder (D:2)
  A worm (D:2)
  A dart slug (D:2)
  A leopard gecko (D:1)
  2 goblins (D:2)
  A hobgoblin (D:1)
  2 jackals (D:1)
  A kobold (D:1)
  2 bats (D:2)
  A hobgoblin zombie (Ossuary)
  3 orc zombies (Ossuary)
21 creatures vanquished.

Vanquished Creatures (others)
  A hobgoblin (D:2)
1 creature vanquished.

Grand Total: 112 creatures vanquished

Notes
Turn   | Place    | Note
-------+----------+-------------------------------------------
     0 | D:1      | Folque the Octopode Wizard began the quest for the Orb.
     0 | D:1      | Reached XP level 1. HP: 11/11 MP: 4/4
   139 | D:1      | Reached skill level 1 in Fighting
   176 | D:1      | Reached XP level 2. HP: 18/18 MP: 3/6
   419 | D:1      | Learned a level 2 spell: Call Imp
   422 | D:1      | Learned a level 2 spell: Blink
   904 | D:1      | Reached XP level 3. HP: 24/24 MP: 7/7
   909 | D:1      | Learned a level 3 spell: Mephitic Cloud
  1258 | D:1      | Reached skill level 1 in Poison Magic
  1277 | D:2      | Noticed Terence
  1573 | D:2      | Reached XP level 4. HP: 20/29 MP: 9/9
  1774 | D:2      | Reached skill level 2 in Conjurations
  2082 | D:2      | Killed Terence
  2179 | D:2      | Reached XP level 5. HP: 28/34 MP: 7/10
  3119 | D:4      | Noticed CalmDownMonkey's ghost (amateur MfGl)
  3164 | D:4      | Found Nigudell's Distillery.
  3176 | D:4      | Bought a potion of haste for 120 gold pieces
  3203 | D:4      | Noticed an ogre
  3213 | D:4      | Killed an ogre
  3213 | D:4      | Reached skill level 3 in Conjurations
  3213 | D:4      | Reached XP level 6. HP: 39/39 MP: 6/12
  3253 | D:4      | Found a sand-covered staircase.
  3258 | Ossuary  | Entered an ossuary
  3986 | D:4      | Killed CalmDownMonkey's ghost
  3986 | D:4      | Reached skill level 4 in Conjurations
  4273 | D:4      | Reached XP level 7. HP: 43/45 MP: 13/13
  4464 | D:5      | Entered Level 5 of the Dungeon
  4559 | D:5      | Found a shadowy altar of Dithmenos.
  4642 | D:5      | Noticed CalmDownMonkey's ghost (amateur MfGl)
  4849 | D:5      | Found a staircase to the Ecumenical Temple.
  4854 | Temple   | Entered the Ecumenical Temple
  4893 | Temple   | Became a worshipper of Sif Muna the Loreminder
  5011 | D:5      | Learned a level 3 spell: Dazzling Spray
  5298 | D:5      | Reached skill level 5 in Spellcasting
  5298 | D:5      | Reached skill level 5 in Conjurations
  5508 | D:5      | Reached skill level 1 in Hexes
  6365 | D:6      | Reached XP level 8. HP: 15/50 MP: 5/16
  6366 | D:6      | Reached * piety under Sif Muna
  6366 | D:6      | Reached skill level 6 in Conjurations
  6370 | D:6      | Killed from afar by an orc wizard

Skill      XL: |  1  2  3  4  5  6  7  8 |
---------------+-------------------------+-----
Fighting       | 1 2 |  2.2
Poison Magic   | 1 2 3 |  3.0
Conjurations   | 2 3 4 5 6 |  6.0
Spellcasting   | 4 5 |  5.4
Hexes          | 1 |  1.0
Dodging        | |  2.0
Stealth        | |  2.6
Summonings     | |  1.0
Translocations | |  1.0

Action                   |  1- 3 |  4- 6 |  7- 9 || total
-------------------------+-------+-------+-------++-------
Melee: Short sword       |    78 |    75 |    57 ||   210
       Constrict         |    22 |    25 |    10 ||    57
       Tentacles         |     7 |    22 |     8 ||    37
       Falchion          |       |     5 |       ||     5
Throw: Javelin           |       |     9 |       ||     9
 Cast: Magic Dart        |    20 |     6 |     7 ||    33
       Blink             |     2 |     4 |     6 ||    12
       Call Imp          |     5 |    38 |    24 ||    67
       Mephitic Cloud    |       |     2 |     4 ||     6
       Dazzling Spray    |       |       |     5 ||     5
  Use: Scroll            |       |     6 |       ||     6
       Potion            |       |     1 |     1 ||     2
 Stab: Sleeping          |     7 |     7 |     3 ||    17
       Distracted        |     1 |       |       ||     1
       Invisible         |       |       |     1 ||     1
  Eat: Chunk             |     2 |     9 |     3 ||    14
       Royal jelly       |       |       |     2 ||     2
Armor: Skin              |    13 |     1 |     2 ||    16
Dodge: Dodged            |    64 |    32 |    25 ||   121
Block: Other             |       |     6 |    13 ||    19
       Reflection        |       |       |     4 ||     4
       Rpst.: Falchion   |       |     1 |       ||     1
